 Dungeon Crawl Stone Soup version 0.18.1-48-g4cf74bf (webtiles) character file.

31 tyranidshit the Skirmisher (level 3, -1/30 HPs)
             Began as a Demonspawn Abyssal Knight on Sept 8, 2016.
             Was a Follower of Lugonu.
             Slain by a quokka (3 damage)
             ... on level 1 of the Dungeon.
             The game lasted 00:03:23 (825 turns).

tyranidshit the Skirmisher (DsAK)                    Turns: 825, Time: 00:03:23

Health: -1/30      AC:  3    Str: 13    XL:     3   Next: 7%
Magic:  4/4        EV: 11    Int: 13    God:    Lugonu [*.....]
Gold:   41         SH:  0    Dex: 12    Spells: 0 memorised, 2 levels left

rFire  . . .     SeeInvis .     a - +1 hand axe
rCold  . . .     Gourm    .     b - +0 leather armour
rNeg   . . .     Faith    .     (no shield)
rPois  .         Spirit   .     (no helmet)
rElec  .         Dismiss  .     (no cloak)
rCorr  .         Reflect  .     (no gloves)
SustAt .         Harm     .     (no boots)
MR     +....                    (no amulet)
Stlth  +.........               (no ring)
                                i - ring of protection from magic

@: somewhat resistant to hostile enchantments, very unstealthy
A: hooves 2
a: Depart the Abyss, Renounce Religion


You were on level 1 of the Dungeon.
You worshipped Lugonu.
Lugonu was aware of your devotion.
You were hungry.

You visited 1 branch of the dungeon, and saw 2 of its levels.
You visited the Abyss 1 time.

You collected 41 gold pieces.

Inventory:

Hand Weapons
 a - a +1 hand axe (weapon)
Armour
 b - a +0 leather armour (worn)
Jewellery
 i - a ring of protection from magic (left hand)
 n - a -2 ring of intelligence
Scrolls
 g - a scroll of identify
 h - a scroll of amnesia
 j - a scroll of remove curse
Comestibles
 c - a bread ration


   Skills:
 + Level 4.2 Fighting
 - Level 1.7 Axes
 - Level 1.7 Armour
 - Level 0.8 Dodging
 - Level 2.4 Invocations


You had 2 spell levels left.
You didn't know any spells.

Dungeon Overview and Level Annotations

Branches:
Dungeon (2/15)

Altars:


Innate Abilities, Weirdness & Mutations

You have hoof-like feet.


Message History

You completely miss the quokka.
The quokka is almost dead.
The quokka bites you but does no damage.
Unknown command.
You closely miss the quokka. Your kick misses the quokka.
The quokka is almost dead.
The quokka closely misses you. The quokka bites you.
* * * LOW HITPOINT WARNING * * *
Unknown command.
The quokka closely misses you.
The quokka bites you but does no damage.
The quokka closely misses you. The quokka barely misses you.
The quokka barely misses you. The quokka bites you.
* * * LOW HITPOINT WARNING * * *
Okay, then.
You aren't carrying any items that you can evoke.
You completely miss the quokka. The quokka bites you.
You die...

#.....#.####.# #.#
##...........## #.#
#..#######...## #.#
#..#
####.....#######(#
##..#
#................#
## ....#
#.##.....#########
##. #...#
#.###.#.## ... ##..
#...###...).(.###.#
#.######)#.
#.............rr@.#
#..........
#.......###.#######
########.#.
#...........# ##..
#.......##### ##.
#.####### #. †.# ##
### # .# # .# #


You could see 2 quokkas.

Vanquished Creatures
  An adder (D:2)
  A ball python (D:1)
  A giant cockroach (D:1)
  2 goblins (D:1)
  2 hobgoblins (D:1)
  6 jackals (D:1)
  3 bats (D:1)
  4 kobolds (D:1)
  A rat (D:1)
21 creatures vanquished.

Notes
Turn   | Place    | Note
--------------------------------------------------------------
     0 | Abyss:1  | tyranidshit the Demonspawn Abyssal Knight began the quest for the Orb.
     0 | Abyss:1  | Reached XP level 1. HP: 18/18 MP: 2/2
    48 | Abyss:1  | Noticed a small abomination
    59 | Abyss:1  | Noticed an eye of draining
    64 | D:1      | Escaped the Abyss
   148 | D:1      | Reached * piety under Lugonu
   180 | D:1      | Gained mutation: You have large cloven feet. [demonic ancestry]
   180 | D:1      | Reached XP level 2. HP: 7/24 MP: 3/3
   632 | D:1      | Reached skill level 4 in Fighting
   762 | D:2      | Gained mutation: You have hoof-like feet. [demonic ancestry]
   762 | D:2      | Reached XP level 3. HP: 18/30 MP: 4/4
   790 | D:1      | HP: 1/30 [quokka (3)]
   816 | D:1      | HP: 1/30 [quokka (3)]
   825 | D:1      | Slain by a quokka

Skill      XL: |  1  2 |
---------------+-------+-----
Fighting       | 4 |  4.2
Axes           | |  1.7
Armour         | |  1.7
Dodging        | |  0.8
Invocations    | |  2.4

Action                   || total
-------------------------++-------
Melee: Hand axe          ||    88
       Kick              ||     8
Invok: Depart the Abyss  ||     1
  Use: Potion            ||     5
       Scroll            ||     4
Armor: Leather armour    ||    35
Dodge: Dodged            ||    57
